 Dungeon Crawl Stone Soup version 0.25.0-46-gbd7b0854d2 (webtiles) character file.

Game seed: 17333206771926007940

24 Ethylacetat the Poker (level 3, 0/32 HPs)
             Began as a Naga Gladiator on July 14, 2020.
             Slain by a jackal (1 damage)
             ... on level 2 of the Dungeon.
             The game lasted 00:00:51 (936 turns).

Ethylacetat the Poker (Naga Gladiator)               Turns: 936, Time: 00:00:53

Health: 0/32       AC:  3    Str: 17    XL:     3   Next: 2%
Magic:  3/3        EV: 10    Int:  8    God:
Gold:   54         SH:  0    Dex: 12    Spells: 2/2 levels left

rFire    . . .     SeeInvis +   a - +0 trident
rCold    . . .     Gourm    .   (no shield)
rNeg     . . .     Faith    .   b - +0 leather armour
rPois    +         Spirit   .   c - +0 helmet
rElec    .         Reflect  .   (no cloak)
rCorr    .         Harm     .   (no gloves)
MR       .....                  (no barding)
Stlth    +.........             (no amulet)
HPRegen  0.10/turn              (no ring)
MPRegen  0.08/turn              (no ring)

@: very slow
A: large, see invisible, deformed body, poison resistance, slowness 2, slow
metabolism 1, spit poison 1, AC +1
a: Spit Poison


You were on level 2 of the Dungeon.
You were not hungry.

You visited 1 branch of the dungeon, and saw 2 of its levels.

You collected 54 gold pieces.

Inventory:

Hand Weapons
 a - a +0 trident (weapon)
Missiles
 d - 3 throwing nets (quivered)
Armour
 b - a +0 leather armour (worn)
 c - a +0 helmet (worn)
Scrolls
 k - a scroll of immolation {unknown}
 l - a scroll of remove curse {unknown}
 n - 2 scrolls of enchant weapon {unknown}
 p - 2 scrolls of teleportation {unknown}
Potions
 e - 2 potions of ambrosia {unknown}
 g - a potion of berserk rage {unknown}
 i - a potion of heal wounds {unknown}
 j - a potion of cancellation {unknown}
 m - a potion of resistance {unknown}
 o - 2 potions of curing {unknown}
Comestibles
 f - 2 rations
 h - 3 chunks of flesh


   Skills:
 + Level 2.2 Fighting
 + Level 3.3 Polearms
 + Level 1.9 Throwing
 + Level 0.2 Armour
 + Level 2.8 Dodging


You had 2 spell levels left.
You didn't know any spells.
Your spell library was empty.

Dungeon Overview and Level Annotations

Branches:
Dungeon (2/15)

Altars:


Innate Abilities, Weirdness & Mutations

You cannot wear boots.
Your serpentine skin is tough. (AC +1)
You have supernaturally acute eyesight. (SInv)
Armour fits poorly on your strangely shaped body.
Your system is resistant to poisons. (rPois)
You cover ground very slowly.
You have a slow metabolism.
You can spit poison.


Message History

The jackal closely misses you. x2
You hit the jackal but do no damage.
The jackal is severely wounded.
The jackal barely misses you. The jackal bites you.
* * * LOW HITPOINT WARNING * * *
The jackal bites you.
* * * LOW HITPOINT WARNING * * *
The jackal bites you but does no damage. x2
The jackal barely misses you. x4
You hit the jackal.
You kill the jackal!
You have reached level 3!
Your experience leads to an increase in your attributes!
Increase (S)trength, (I)ntelligence, or (D)exterity?
You feel stronger.
Your skin feels tougher.
The jackal bites you.
* * * LOW HITPOINT WARNING * * *
The jackal bites you but does no damage.
The jackal bites you.
You die...

...# ...# ##. ...# ... ...# #.#
...# #.# # ...# #.####.## ...#
#....#... ...# #hh...... #### .
#@h...... #<# .. #hh...... ..#
#'## ...######........ ..# ###
...##..............##### #.# #..
...................# #.###.#
...##.........).)..# ######.#....
...................###...##.#.#.#
....#.#.##............รท#.##.#.#.#
###.# # ##.........##..#......#.#


You could see 5 jackals.

Vanquished Creatures
  3 bats
  A giant cockroach (D:2)
  2 hobgoblins (D:2)
  2 jackals (D:2)
  A quokka (D:2)
  A ball python (D:1)
  2 frilled lizards (D:2)
  4 goblins
  3 kobolds
  5 rats
24 creatures vanquished.

Notes
Turn   | Place    | Note
-------+----------+-------------------------------------------
     0 | D:1      | Ethylacetat the Naga Gladiator began the quest for the Orb.
     0 | D:1      | Reached XP level 1. HP: 19/19 MP: 1/1
   213 | D:1      | Reached XP level 2. HP: 24/26 MP: 2/2
   936 | D:2      | Reached XP level 3. HP: 4/32 MP: 3/3
   936 | D:2      | HP: 1/32 [jackal (3)]
   936 | D:2      | Slain by a jackal

Illustrated notes

Levels and vault maps discovered:
D:1:      psy_arrival_fountain, layout_rooms
D:2:      layout_basic, minmay_misc_feat_more_columns

Action                   || total
-------------------------++-------
Melee: Trident           ||    60
Armor: Leather armour    ||    24
Dodge: Dodged            ||    26
